| TOP OF THE 1ST |
|
Burlington Bees batting - Pitching for Lexington Legends : LHP Tyler Abraham
|
|
Pitching: LHP Tyler Abraham
|
|
|
Batting: RHB Jose Ramirez
|
0-0: Called Strike 0-1: Swinging Strike 0-2: Foul Ball, location: 2F 0-2: Ball 1-2: Foul Ball, location: 2F 1-2: Strikes out swinging
|
|
Batting: RHB Ryan Munro
|
0-0: Ball 1-0: Called Strike 1-1: Ball 2-1: Fly out, F7 (Line Drive, 7, EV 83.8 MPH)
|
|
Batting: LHB Matthew Bale
|
0-0: Foul Ball, location: 2F 0-1: Called Strike 0-2: Foul Ball, location: 2F 0-2: Strikes out looking
|
| Top of the 1st over - 0 runs, 0 hits, 0 errors, 0 left on base; Burlington 0 - Lexington 0 |
| BOTTOM OF THE 1ST |
|
Lexington Legends batting - Pitching for Burlington Bees : RHP Chris Russell
|
|
Pitching: RHP Chris Russell
|
|
|
Batting: RHB Doug Carter
|
0-0: Ball 1-0: Called Strike 1-1: Ball 2-1: Foul Ball, location: 2F 2-2: Strikes out swinging
|
|
Batting: SHB Ryoji Hiraoka
|
0-0: Ball 1-0: Called Strike 1-1: Ball 2-1: Foul Ball, location: 2F 2-2: Strikes out swinging
|
|
Batting: RHB Andy Urquhart
|
0-0: SINGLE (Groundball, 56S, EV 68.8 MPH) (infield hit)
|
|
Batting: RHB Pete Deschamps
|
0-0: Ball 1-0: Ball 2-0: Ball 3-0: Called Strike 3-1: Base on Balls Andy Urquhart to second
|
|
Batting: LHB Robert Wilkins
|
0-0: Ball 1-0: Fly out, F4 (Line Drive, 4, EV 69.4 MPH)
|
| Bottom of the 1st over - 0 runs, 1 hit, 0 errors, 2 left on base; Burlington 0 - Lexington 0 |
| TOP OF THE 2ND |
|
Burlington Bees batting - Pitching for Lexington Legends : LHP Tyler Abraham
|
|
Batting: RHB Ryuji Ito
|
0-0: Ball 1-0: Ball 2-0: Called Strike 2-1: Ball 3-1: Base on Balls
|
|
Pitching: RHP Joe Adelmann
|
|
|
Batting: LHB Griffin Ferris
|
0-0: Ball 1-0: Ball Ryuji Ito steals 2nd base 2-0: Foul Ball, location: 2F 2-1: DOUBLE (Line Drive, 7LS, EV 89.4 MPH) Ryuji Ito scores
|
|
Batting: RHB Dean LeCroy
|
0-0: Ball 1-0: Called Strike 1-1: Swinging Strike 1-2: SINGLE (Flyball, 34D, EV 82.5 MPH) Griffin Ferris to third
|
|
Batting: RHB Pat Crawley
|
0-0: Ball 1-0: Ball 2-0: SINGLE (Groundball, 4MD, EV 96.9 MPH) Griffin Ferris scores Dean LeCroy to second
|
|
Batting: LHB Mario Anguiano
|
0-0: Called Strike 0-1: SINGLE (Groundball, 4MS, EV 65.6 MPH) (infield hit) Dean LeCroy to third Pat Crawley to second
|
|
Batting: LHB Mark Reeg
|
0-0: Swinging Strike 0-1: Ball 1-1: Called Strike 1-2: Foul Ball, location: 2F 1-2: Strikes out swinging
|
|
Pitching: RHP Howie Seidler
|
|
|
Batting: RHB Jose Ramirez
|
0-0: Fly out, F8 (Flyball, 8RD, EV 105.0 MPH) Runner from 3rd tags up, OUT at HOME! 8-2
|
| Top of the 2nd over - 2 runs, 4 hits, 0 errors, 2 left on base; Burlington 2 - Lexington 0 |
| BOTTOM OF THE 2ND |
|
Lexington Legends batting - Pitching for Burlington Bees : RHP Chris Russell
|
|
Batting: RHB Ben Garrett
|
0-0: Ball 1-0: Called Strike 1-1: Swinging Strike 1-2: Foul Ball, location: 2F 1-2: Ball 2-2: Fly out, F9 (Flyball, 89M, EV 90.0 MPH)
|
|
Batting: RHB Nate De Jongh
|
0-0: Ball 1-0: Foul Ball, location: 2F 1-1: SINGLE (Groundball, 4S, EV 68.1 MPH) (infield hit)
|
|
Batting: RHB Kunimatsu Oya
|
0-0: Ball 1-0: Foul Ball, location: 2F 1-1: Ball 2-1: Fly out, F9 (Flyball, 9D, EV 80.6 MPH)
|
|
Batting: RHB Eric Erickson
|
0-0: Ball 1-0: Swinging Strike 1-1: Ball 2-1: Called Strike 2-2: Ball 3-2: Strikes out swinging
|
| Bottom of the 2nd over - 0 runs, 1 hit, 0 errors, 1 left on base; Burlington 2 - Lexington 0 |
| TOP OF THE 3RD |
|
Burlington Bees batting - Pitching for Lexington Legends : RHP Howie Seidler
|
|
Batting: RHB Ryan Munro
|
0-0: Ball 1-0: Ground out 6-3 (Groundball, 6, EV 87.5 MPH)
|
|
Batting: LHB Matthew Bale
|
0-0: Called Strike 0-1: Ball 1-1: Hit by Pitch
|
|
Batting: RHB Ryuji Ito
|
0-0: Ball Matthew Bale steals 2nd base 1-0: 2-RUN HOME RUN (Flyball, 9LD, EV 97.5 MPH), Distance : 346 ft
|
|
Batting: LHB Griffin Ferris
|
0-0: SINGLE (Groundball, 6MD, EV 100.0 MPH)
|
|
Batting: RHB Dean LeCroy
|
0-0: Called Strike 0-1: Ball 1-1: Ball Pickoff Throw to First - Out! 1-3 CS 2-1: Ball 3-1: Called Strike 3-2: SINGLE (Groundball, 4M, EV 106.9 MPH) (infield hit)
|
|
Batting: RHB Pat Crawley
|
0-0: Called Strike Dean LeCroy steals 2nd, throwing error, E2 Dean LeCroy to third 0-1: Swinging Strike 0-2: Ball 1-2: Fly out, F6 (Line Drive, 6, EV 64.4 MPH)
|
| Top of the 3rd over - 2 runs, 3 hits, 1 error, 1 left on base; Burlington 4 - Lexington 0 |
| BOTTOM OF THE 3RD |
|
Lexington Legends batting - Pitching for Burlington Bees : RHP Chris Russell
|
|
Batting: RHB Doug Carter
|
0-0: Ball 1-0: Called Strike 1-1: Hit by Pitch
|
|
Batting: SHB Ryoji Hiraoka
|
0-0: Called Strike Doug Carter steals 2nd base 0-1: Ball 1-1: Ball 2-1: Called Strike 2-2: Ball 3-2: Strikes out swinging
|
|
Batting: RHB Andy Urquhart
|
0-0: Ball 1-0: Ball 2-0: SINGLE (Flyball, 9LS, EV 100.6 MPH) Doug Carter to third Runner from 3rd tries for Home, SAFE, throw by RF to home
|
|
Batting: RHB Pete Deschamps
|
0-0: Ball 1-0: Swinging Strike 1-1: Grounds into double play, 6-4-3 (Groundball, 6, EV 101.9 MPH)
|
| Bottom of the 3rd over - 1 run, 1 hit, 0 errors, 0 left on base; Burlington 4 - Lexington 1 |
| TOP OF THE 4TH |
|
Burlington Bees batting - Pitching for Lexington Legends : RHP Howie Seidler
|
|
Pitching: LHP Hyoji Kawabata
|
|
|
Batting: LHB Mario Anguiano
|
0-0: Ball 1-0: Ground out 6-3 (Groundball, 6, EV 96.2 MPH)
|
|
Batting: LHB Mark Reeg
|
0-0: Called Strike 0-1: Ball 1-1: Ball 2-1: Called Strike 2-2: TRIPLE (Flyball, 89XD, EV 103.1 MPH)
|
|
Batting: RHB Jose Ramirez
|
0-0: Ball 1-0: Ball 2-0: SINGLE (Line Drive, 78S, EV 103.8 MPH) Mark Reeg scores
|
|
Batting: RHB Ryan Munro
|
0-0: Ball 1-0: Ball Jose Ramirez steals 2nd base (no throw) 2-0: Ball 3-0: Called Strike 3-1: Base on Balls
|
|
Batting: LHB Matthew Bale
|
0-0: Ball 1-0: Ball 2-0: Ball 3-0: Called Strike 3-1: Foul Ball, location: 2F 3-2: Base on Balls Jose Ramirez to third Ryan Munro to second
|
|
Pitching: RHP Junsuke Abe
|
|
|
Batting: RHB Ryuji Ito
|
0-0: Ball 1-0: Called Strike 1-1: Swinging Strike 1-2: Strikes out swinging
|
|
Batting: LHB Griffin Ferris
|
0-0: Called Strike 0-1: Swinging Strike 0-2: Foul Ball, location: 2F 0-2: Ball 1-2: Ball 2-2: Ball Passed Ball! Jose Ramirez scores Ryan Munro to third Matthew Bale to second 3-2: Foul Ball, location: 2F 3-2: Foul Ball, location: 2F 3-2: Base on Balls
|
|
Batting: RHB Dean LeCroy
|
0-0: Ball 1-0: Called Strike 1-1: Foul Ball, location: 2F 1-2: Strikes out swinging
|
| Top of the 4th over - 2 runs, 2 hits, 0 errors, 3 left on base; Burlington 6 - Lexington 1 |
| BOTTOM OF THE 4TH |
|
Lexington Legends batting - Pitching for Burlington Bees : RHP Chris Russell
|
|
Batting: LHB Robert Wilkins
|
0-0: Ball 1-0: Ball 2-0: Called Strike 2-1: Ground out 4-3 (Groundball, 34, EV 85.6 MPH)
|
|
Batting: RHB Ben Garrett
|
0-0: Swinging Strike 0-1: Ball 1-1: Ball 2-1: Fly out, F9 (Flyball, 9LS, EV 92.5 MPH)
|
|
Batting: RHB Nate De Jongh
|
0-0: Foul Ball, location: 2F 0-1: Foul Ball, location: 2F 0-2: Ball 1-2: Strikes out swinging
|
| Bottom of the 4th over - 0 runs, 0 hits, 0 errors, 0 left on base; Burlington 6 - Lexington 1 |
| TOP OF THE 5TH |
|
Burlington Bees batting - Pitching for Lexington Legends : RHP Junsuke Abe
|
|
Batting: RHB Pat Crawley
|
0-0: Ball 1-0: Ball 2-0: Foul Ball, location: 2F 2-1: Foul Ball, location: 2F 2-2: Ball 3-2: Foul Ball, location: 2F 3-2: Foul Ball, location: 2F 3-2: Base on Balls
|
|
Batting: LHB Mario Anguiano
|
0-0: SINGLE (Groundball, 4MD, EV 97.5 MPH) Pat Crawley to second
|
|
Batting: LHB Mark Reeg
|
0-0: Called Strike 0-1: Swinging Strike 0-2: Ball 1-2: Foul Ball, location: 2F 1-2: Strikes out swinging
|
|
Batting: RHB Jose Ramirez
|
0-0: Called Strike 0-1: Ball 1-1: Swinging Strike 1-2: Foul Ball, location: 2F 1-2: Ball 2-2: Strikes out swinging
|
|
Batting: RHB Ryan Munro
|
0-0: Ball 1-0: SINGLE (Line Drive, 4D, EV 103.8 MPH) Pat Crawley to third Mario Anguiano to second
|
|
Batting: LHB Matthew Bale
|
0-0: SINGLE (Flyball, 7LS, EV 93.8 MPH) Pat Crawley scores Mario Anguiano to third Ryan Munro to second Throwing error, E7 Mario Anguiano scores Ryan Munro to third Matthew Bale to second
|
|
Batting: RHB Ryuji Ito
|
0-0: Ball 1-0: Ball 2-0: Ball 3-0: Base on Balls
|
|
Batting: LHB Griffin Ferris
|
0-0: SINGLE (Groundball, 6S, EV 65.0 MPH) (infield hit) Ryan Munro scores Matthew Bale to third Ryuji Ito to second
|
|
Batting: RHB Dean LeCroy
|
0-0: Called Strike 0-1: Ball 1-1: Swinging Strike 1-2: GRAND SLAM HOME RUN (Flyball, 89XD, EV 97.5 MPH), Distance : 401 ft
|
|
Pitching: LHP David Bearden
|
|
|
Batting: RHB Pat Crawley
|
0-0: Foul Ball, location: 2F 0-1: Ball 1-1: Foul Ball, location: 2F 1-2: DOUBLE (Line Drive, 9LM, EV 103.1 MPH)
|
|
Batting: LHB Mario Anguiano
|
0-0: Foul Ball, location: 2F 0-1: Ball 1-1: Foul Ball, location: 2F 1-2: Fly out, F6 (Popup, P, EV 78.8 MPH)
|
| Top of the 5th over - 7 runs, 6 hits, 1 error, 1 left on base; Burlington 13 - Lexington 1 |
| BOTTOM OF THE 5TH |
|
Lexington Legends batting - Pitching for Burlington Bees : RHP Chris Russell
|
|
Batting: RHB Kunimatsu Oya
|
0-0: Ball 1-0: Called Strike 1-1: Foul Ball, location: 2F 1-2: Strikes out swinging
|
|
Batting: RHB Eric Erickson
|
0-0: Ball 1-0: SINGLE (Flyball, 3D, EV 87.5 MPH)
|
|
Batting: RHB Doug Carter
|
0-0: Ball Eric Erickson steals 2nd base 1-0: Ball Eric Erickson steals 3rd base 2-0: Foul Ball, location: 2F 2-1: Swinging Strike 2-2: Strikes out swinging
|
|
Batting: SHB Ryoji Hiraoka
|
0-0: Called Strike 0-1: Foul Ball, location: 2F 0-2: Strikes out swinging
|
| Bottom of the 5th over - 0 runs, 1 hit, 0 errors, 1 left on base; Burlington 13 - Lexington 1 |
| TOP OF THE 6TH |
|
Burlington Bees batting - Pitching for Lexington Legends : LHP David Bearden
|
|
Batting: LHB Mark Reeg
|
0-0: Called Strike 0-1: Ball 1-1: SINGLE (Line Drive, 9S, EV 108.1 MPH)
|
|
Batting: RHB Jose Ramirez
|
0-0: Ball 1-0: Ball 2-0: Called Strike 2-1: Ball 3-1: Base on Balls Mark Reeg to second
|
|
Batting: RHB Ryan Munro
|
0-0: Called Strike 0-1: Foul Ball, location: 2F 0-2: Ball 1-2: Ball 2-2: Ball 3-2: Foul Ball, location: 2F 3-2: Base on Balls Mark Reeg to third Jose Ramirez to second
|
|
Batting: LHB Matthew Bale
|
0-0: SINGLE (Groundball, 34D, EV 99.4 MPH) Mark Reeg scores Jose Ramirez to third Ryan Munro to second Runner from 3rd tries for Home, throw by RF and OUT! 9-2 Ryan Munro to third Matthew Bale to second
|
|
Batting: RHB Ryuji Ito
|
0-0: Fly out, F9 (Flyball, 89S, EV 71.9 MPH)
|
|
Batting: LHB Griffin Ferris
|
0-0: Called Strike 0-1: Ball 1-1: Swinging Strike Passed Ball! Ryan Munro scores Matthew Bale to third 1-2: SINGLE (Flyball, 34D, EV 100.0 MPH) Matthew Bale scores
|
|
Batting: RHB Dean LeCroy
|
0-0: Ball 1-0: Called Strike 1-1: Swinging Strike 1-2: Ball 2-2: Ball 3-2: Base on Balls Griffin Ferris to second
|
|
Batting: RHB Pat Crawley
|
0-0: Ball Wild Pitch! Griffin Ferris to third Dean LeCroy to second 1-0: Foul Ball, location: 2F 1-1: Swinging Strike 1-2: Foul Ball, location: 2F 1-2: Ball 2-2: Foul Ball, location: 2F 2-2: SINGLE (Groundball, 34S, EV 61.2 MPH) (infield hit) Griffin Ferris scores Dean LeCroy to third
|
|
Batting: LHB Mario Anguiano
|
0-0: Reached on error, E3 (Groundball, 3L, EV 95.0 MPH) Dean LeCroy scores Pat Crawley to second
|
|
Batting: LHB Mark Reeg
|
0-0: Ball 1-0: Ball 2-0: Ball Balk! Pat Crawley to third Mario Anguiano to second 3-0: Called Strike 3-1: DOUBLE (Line Drive, 9LM, EV 108.8 MPH) Pat Crawley scores Mario Anguiano scores
|
|
Batting: RHB Jose Ramirez
|
0-0: Ball 1-0: Swinging Strike 1-1: Foul Ball, location: 2F 1-2: Foul Ball, location: 2F 1-2: Strikes out looking
|
| Top of the 6th over - 7 runs, 5 hits, 1 error, 1 left on base; Burlington 20 - Lexington 1 |
| BOTTOM OF THE 6TH |
|
Lexington Legends batting - Pitching for Burlington Bees : RHP Chris Russell
|
|
Batting: RHB Andy Urquhart
|
0-0: Foul Ball, location: 2F 0-1: Ball 1-1: Foul Ball, location: 2F 1-2: Ball 2-2: Ball 3-2: Strikes out swinging
|
|
Batting: RHB Pete Deschamps
|
0-0: Swinging Strike 0-1: Swinging Strike 0-2: Ball 1-2: Foul Ball, location: 2F 1-2: Strikes out looking
|
|
Batting: LHB Robert Wilkins
|
0-0: Foul Ball, location: 2F 0-1: Called Strike 0-2: Strikes out swinging
|
| Bottom of the 6th over - 0 runs, 0 hits, 0 errors, 0 left on base; Burlington 20 - Lexington 1 |
| TOP OF THE 7TH |
|
Burlington Bees batting - Pitching for Lexington Legends : LHP David Bearden
|
|
Batting: RHB Ryan Munro
|
0-0: Ball 1-0: Foul Ball, location: 2F 1-1: Ball 2-1: Swinging Strike 2-2: Foul Ball, location: 2F 2-2: Foul Ball, location: 2F 2-2: Ball 3-2: Foul Ball, location: 2F 3-2: Foul Ball, location: 2F 3-2: Strikes out looking
|
|
Batting: LHB Matthew Bale
|
0-0: Ball 1-0: Ball 2-0: Ball 3-0: Called Strike 3-1: Base on Balls
|
|
Batting: RHB Ryuji Ito
|
0-0: 2-RUN HOME RUN (Flyball, 78XD, EV 106.9 MPH), Distance : 419 ft
|
|
Batting: LHB Griffin Ferris
|
0-0: Foul Ball, location: 2F 0-1: Ground out 6-3 (Groundball, 6MS, EV 70.6 MPH)
|
|
Batting: RHB Dean LeCroy
|
0-0: Ball 1-0: DOUBLE (Line Drive, 7LS, EV 93.8 MPH)
|
|
Batting: RHB Pat Crawley
|
0-0: Ball Wild Pitch! Dean LeCroy to third 1-0: SINGLE (Groundball, 6MD, EV 99.4 MPH) Dean LeCroy scores
|
|
Batting: LHB Mario Anguiano
|
0-0: Ball Wild Pitch! Pat Crawley to second 1-0: Ball 2-0: Called Strike 2-1: Swinging Strike 2-2: Ball 3-2: Base on Balls
|
|
Batting: LHB Mark Reeg
|
0-0: Ball 1-0: Called Strike 1-1: Called Strike 1-2: Ball 2-2: Foul Ball, location: 2F 2-2: Ball 3-2: Base on Balls Pat Crawley to third Mario Anguiano to second
|
|
Batting: RHB Jose Ramirez
|
0-0: Called Strike 0-1: Ball 1-1: Called Strike 1-2: Ball 2-2: Foul Ball, location: 2F 2-2: Ball 3-2: Foul Ball, location: 2F 3-2: Base on Balls Pat Crawley scores Mario Anguiano to third Mark Reeg to second
|
|
Batting: RHB Ryan Munro
|
0-0: Ball 1-0: Ball Wild Pitch! Mario Anguiano scores Mark Reeg to third Jose Ramirez to second 2-0: Called Strike 2-1: Called Strike 2-2: Foul Ball, location: 2F 2-2: Ball 3-2: Foul Ball, location: 2F 3-2: Base on Balls
|
|
Batting: LHB Matthew Bale
|
0-0: Fly out, F7 (Line Drive, 7, EV 111.9 MPH)
|
| Top of the 7th over - 5 runs, 3 hits, 0 errors, 3 left on base; Burlington 25 - Lexington 1 |
| BOTTOM OF THE 7TH |
|
Lexington Legends batting - Pitching for Burlington Bees : RHP Chris Russell
|
|
Pitching: LHP Ryouhei Hosaka
|
|
|
Batting: RHB Ben Garrett
|
0-0: Foul Ball, location: 2F 0-1: Ball 1-1: Foul Ball, location: 2F 1-2: Ball 2-2: Ball 3-2: Strikes out swinging
|
|
Batting: RHB Nate De Jongh
|
0-0: Ball 1-0: Called Strike 1-1: Swinging Strike 1-2: Strikes out looking
|
|
Batting: RHB Kunimatsu Oya
|
0-0: Called Strike 0-1: Ball 1-1: Swinging Strike 1-2: Ball 2-2: Foul Ball, location: 2F 2-2: SINGLE (Groundball, 6D, EV 101.9 MPH)
|
|
Batting: RHB Eric Erickson
|
0-0: Ball 1-0: Ball 2-0: Ball 3-0: Called Strike 3-1: Base on Balls Kunimatsu Oya to second
|
|
Batting: RHB Doug Carter
|
0-0: Foul Ball, location: 2F 0-1: Ball 1-1: Foul Ball, location: 2F 1-2: Ball 2-2: Reached on error, E4 (Groundball, 34, EV 87.5 MPH) Kunimatsu Oya to third Eric Erickson to second
|
|
Batting: SHB Ryoji Hiraoka
|
0-0: Ball 1-0: Foul Ball, location: 2F 1-1: Ball 2-1: Called Strike 2-2: Strikes out looking
|
| Bottom of the 7th over - 0 runs, 1 hit, 1 error, 3 left on base; Burlington 25 - Lexington 1 |
| TOP OF THE 8TH |
|
Burlington Bees batting - Pitching for Lexington Legends : LHP David Bearden
|
|
Batting: RHB Ryuji Ito
|
0-0: Ground out 6-3 (Groundball, 6, EV 107.5 MPH)
|
|
Batting: LHB Griffin Ferris
|
0-0: Called Strike 0-1: Ball 1-1: Ball 2-1: Swinging Strike 2-2: Ball 3-2: Base on Balls
|
|
Batting: RHB Dean LeCroy
|
0-0: Called Strike 0-1: Ball 1-1: Swinging Strike 1-2: Strikes out swinging
|
|
Batting: RHB Pat Crawley
|
0-0: Ball 1-0: Called Strike 1-1: Ball 2-1: Ball 3-1: Base on Balls Griffin Ferris to second
|
|
Batting: LHB Mario Anguiano
|
0-0: Foul Ball, location: 2F 0-1: Swinging Strike 0-2: Ball 1-2: Foul Ball, location: 2F 1-2: Foul Ball, location: 2F 1-2: Strikes out swinging
|
| Top of the 8th over - 0 runs, 0 hits, 0 errors, 2 left on base; Burlington 25 - Lexington 1 |
| BOTTOM OF THE 8TH |
|
Lexington Legends batting - Pitching for Burlington Bees : LHP Ryouhei Hosaka
|
|
Pitching: RHP Victor Delgado
|
|
|
Batting: RHB Andy Urquhart
|
0-0: Foul Ball, location: 2F 0-1: Ball 1-1: Foul Ball, location: 2F 1-2: Strikes out swinging
|
|
Batting: RHB Pete Deschamps
|
0-0: Foul Ball, location: 2F 0-1: Ball 1-1: Ball 2-1: Ball 3-1: Ground out 4-3 (Groundball, 4, EV 78.8 MPH)
|
|
Batting: LHB Robert Wilkins
|
0-0: Ball 1-0: Ground out 6-3 (Groundball, 6M, EV 83.1 MPH)
|
| Bottom of the 8th over - 0 runs, 0 hits, 0 errors, 0 left on base; Burlington 25 - Lexington 1 |
| TOP OF THE 9TH |
|
Burlington Bees batting - Pitching for Lexington Legends : LHP David Bearden
|
|
Batting: LHB Mark Reeg
|
0-0: Ground out U3 (Groundball, 3, EV 104.4 MPH)
|
|
Batting: RHB Jose Ramirez
|
0-0: SINGLE (Groundball, 6MD, EV 96.2 MPH)
|
|
Batting: RHB Ryan Munro
|
0-0: Grounds into double play, 5-4-3 (Groundball, 56S, EV 88.1 MPH)
|
| Top of the 9th over - 0 runs, 1 hit, 0 errors, 0 left on base; Burlington 25 - Lexington 1 |
| BOTTOM OF THE 9TH |
|
Lexington Legends batting - Pitching for Burlington Bees : RHP Victor Delgado
|
|
Batting: RHB Ben Garrett
|
0-0: Foul Ball, location: 2F 0-1: Fly out, F4 (Popup, 34S, EV 80.0 MPH)
|
|
Batting: RHB Nate De Jongh
|
0-0: Ball 1-0: Swinging Strike 1-1: Foul Ball, location: 2F 1-2: Foul Ball, location: 2F 1-2: Ball 2-2: Foul Ball, location: 2F 2-2: Strikes out swinging
|
|
Batting: RHB Kunimatsu Oya
|
0-0: Called Strike 0-1: Foul Ball, location: 2F 0-2: Strikes out swinging, 2-3 out at first.
|
| Bottom of the 9th over - 0 runs, 0 hits, 0 errors, 0 left on base; Burlington 25 - Lexington 1 |
|